 Dungeon Crawl Stone Soup version 0.23.2-11-gf996548c65 (webtiles) character file.

Game seed: 9653185646468418065

72 MalarOregon the Ruffian (level 4, -4/37 HPs)
             Began as a Ghoul Warper on June 4, 2019.
             Killed from afar by an orc wizard (9 damage)
             ... with a magic dart
             ... on level 3 of the Dungeon.
             The game lasted 00:08:00 (2002 turns).

MalarOregon the Ruffian (Ghoul Warper)              Turns: 2002, Time: 00:08:01

Health: -4/37      AC:  3    Str: 14    XL:     4   Next: 25%
Magic:  6/6        EV: 11    Int:  9    God:
Gold:   155        SH:  2    Dex:  8    Spells: 3/7 levels left

rFire    . . .     SeeInvis .     - Unarmed
rCold    + . .     Gourm    .   l - +0 buckler
rNeg     + + +     Faith    .   a - +0 leather armour
rPois    ∞         Spirit   .   (no helmet)
rElec    .         Reflect  .   (no cloak)
rCorr    .         Harm     .   (no gloves)
MR       .....                  (no boots)
Stlth    +.........             (no amulet)
HPRegen  0.00/turn              (no ring)
MPRegen  0.10/turn              (no ring)

@: rotting
A: rotting body, claws 1, carnivore, cold resistance 1, negative energy
resistance 3, inhibited regeneration, torment resistance, unbreathing
a: no special abilities


You were on level 3 of the Dungeon.
You were not hungry.

You visited 1 branch of the dungeon, and saw 3 of its levels.

You collected 155 gold pieces.

Inventory:

Missiles
 d - 5 tomahawks of dispersal (quivered) {!f}
 g - 13 arrows
 s - 17 stones
 t - a javelin
Armour
 a - a +0 leather armour (worn)
 l - a +0 buckler (worn)
   (You found it on level 2 of the Dungeon)
Wands
 c - a wand of disintegration (14)
   (You found it on level 3 of the Dungeon)
Scrolls
 b - a scroll of enchant armour {unknown}
 h - 2 scrolls of remove curse {@r2}
 i - a scroll of immolation {unknown}
 k - 4 scrolls of teleportation {@r4}
 n - a scroll of fear {unknown}
 o - a scroll of magic mapping {unknown}
 p - 2 scrolls of amnesia
 q - a scroll of identify {unknown}
 r - 2 scrolls of blinking
Potions
 f - a potion of haste {unknown}
 j - a potion of agility {unknown}
 m - a potion of resistance {unknown}
Comestibles
 e - 8 rations {!d}


   Skills:
 + Level 2.6 Fighting
 + Level 1.3 Throwing
 + Level 1.3 Armour
 + Level 2.1 Dodging
 + Level 1.4 Stealth
 + Level 0.1 Shields
 * Level 3.0 Unarmed Combat
 + Level 2.0 Spellcasting
 + Level 0.2 Charms
 + Level 2.6 Translocations


You had 3 spell levels left.
You knew the following spells:

 Your Spells              Type           Power        Failure   Level  Hunger
b - Blink                 Tloc           N/A          34%         2    ###....
q - Shroud of Golubria    Chrm/Tloc      #.........   50%         2    ###....

Your spell library contained the following spells:

 Spells                   Type           Power        Failure   Level  Hunger
 Gell's Gravitas          Tloc           #.........   56%         3    ####...
 Lesser Beckoning         Tloc           #.........   56%         3    ####...
 Teleport Other           Tloc           #.......     56%         3    ####...
 Passage of Golubria      Tloc           N/A          92%         4    #####..


Dungeon Overview and Level Annotations

Branches:
Dungeon (3/15)

Altars:
Kikubaaqudgha
Nemelex Xobeh
Ru
Trog
Wu Jian


Innate Abilities, Weirdness & Mutations

Your body is rotting away.
You thrive on raw meat.
You are immune to poison.
You have sharp fingernails.
You are carnivorous and can eat meat at any time.
Your flesh is cold resistant. (rC+)
You are immune to negative energy. (rN+++)
You do not regenerate when monsters are visible.
You are immune to unholy pain and torment.
You can survive without breathing.


Message History

You start resting.
An orc wizard comes into view. It is wielding a +0 dagger.
The orc wizard shouts!
The orc wizard gestures wildly while chanting.
The orc wizard seems to speed up.
You see here a javelin.
The orc wizard casts a spell.
The orc wizard blinks!
t - a javelin You start resting.
The orc wizard is too close now for your liking.
The orc wizard casts a spell.
The orc wizard blinks!
The orc wizard hits you but does no damage.
You closely miss the orc wizard. The orc wizard barely misses you.
The orc wizard hits you with a +0 dagger.
You scratch the orc wizard but do no damage.
The orc wizard hits you with a +0 dagger.
You closely miss the orc wizard.
The orc wizard hits you but does no damage.
The orc wizard hits you with a +0 dagger.
You scratch the orc wizard but do no damage.
The orc wizard misses you.
You scratch the orc wizard but do no damage.
The orc wizard barely misses you.
The orc wizard hits you but does no damage.
You scratch the orc wizard but do no damage.
The orc wizard completely misses you.
You claw the orc wizard!
The orc wizard hits you with a +0 dagger.
* * * LOW HITPOINT WARNING * * *
The orc wizard hits you with a +0 dagger.
* * * LOW HITPOINT WARNING * * *
You closely miss the orc wizard.
The orc wizard hits you but does no damage.
You scratch the orc wizard. The orc wizard casts a spell at you.
The magic dart hits you!
* * * LOW HITPOINT WARNING * * *
The orc wizard misses you.
You barely miss the orc wizard. The orc wizard barely misses you.
You scratch the orc wizard. The orc wizard casts a spell at you.
You resist with some effort.
The orc wizard hits you with a +0 dagger.
* * * LOW HITPOINT WARNING * * *
You closely miss the orc wizard.
The orc wizard points at you and mumbles some strange words.
The magic dart hits you!
You die...

#...........# ..###
.............# .#..
####..........###...#.#
.....#####.)...#..#..
#####.# #.....#..#.# #.
#.....##.#..
#........#.#
#####.##§#.#
#@##.#.######.#
#o...(..).....#
#..#..)###.§.##
#..#............
#..###.###...### #...
.># .# #.## ### #.#


You could see an orc wizard.

Vanquished Creatures
  An adder (D:2)
  4 worms (D:2)
  2 dart slugs (D:1)
  A leopard gecko (D:1)
  3 orcs (D:3)
  A ball python (D:1)
  2 giant cockroaches (D:2)
  2 goblins (D:2)
  7 hobgoblins
  3 jackals (D:1)
  10 bats
  3 frilled lizards
  A kobold (D:1)
  3 rats (D:2)
43 creatures vanquished.

Notes
Turn   | Place    | Note
-------+----------+-------------------------------------------
     0 | D:1      | MalarOregon the Ghoul Warper began the quest for the Orb.
     0 | D:1      | Reached XP level 1. HP: 17/17 MP: 2/2
    24 | D:1      | Reached skill level 1 in Armour
   156 | D:1      | Reached skill level 1 in Throwing
   204 | D:1      | Reached XP level 2. HP: 24/24 MP: 3/3
   847 | D:2      | Reached XP level 3. HP: 28/28 MP: 4/4
   870 | D:2      | Reached skill level 1 in Stealth
  1223 | D:2      | Reached skill level 3 in Unarmed Combat
  1391 | D:2      | Learned a level 2 spell: Blink
  1394 | D:2      | Learned a level 2 spell: Shroud of Golubria
  1547 | D:2      | Reached XP level 4. HP: 37/37 MP: 6/6
  1596 | D:2      | Found a faded altar of an unknown god.
  1670 | D:2      | Found a sparkling altar of Nemelex Xobeh.
  1852 | D:3      | Found a sacrificial altar of Ru.
  1855 | D:3      | Found a bloodstained altar of Trog.
  1857 | D:3      | Found an ancient bone altar of Kikubaaqudgha.
  1857 | D:3      | Found an ornate altar of the Wu Jian Council.
  2002 | D:3      | Killed from afar by an orc wizard

Skill      XL: |  1  2  3 |
---------------+----------+-----
Armour         | 1 |  1.3
Throwing       | 1 |  1.3
Dodging        | 2 |  2.1
Stealth        | 1 |  1.4
Unarmed Combat | 3 |  3.0
Spellcasting   | 2 |  2.0
Fighting       | |  2.6
Shields        | |  0.1
Charms         | |  0.2
Translocations | |  2.6

Action                   |  1- 3 |  4- 6 || total
-------------------------+-------+-------++-------
Melee: Unarmed           |   144 |    39 ||   183
       Punch             |     2 |       ||     2
  Use: Scroll            |     2 |     1 ||     3
  Eat: Chunk             |     6 |     5 ||    11
Armor: Leather armour    |    41 |     7 ||    48
Dodge: Dodged            |    68 |    16 ||    84
Block: Buckler           |     1 |     1 ||     2
